 Dungeon Crawl Stone Soup version 0.31-a0-277-g31ea1f6 (webtiles) character file.

Game seed: 17389579864179314518

39 Dawnplanks the Stinger (level 3, -9/28 HPs)
             Began as a Naga Venom Mage on July 15, 2023.
             Mangled by Crazy Yiuf
             ... wielding a +4 quarterstaff of chaos
              (17 damage)
             ... on level 2 of the Dungeon.
             The game lasted 00:05:28 (1583 turns).

Dawnplanks the Stinger (Naga Venom Mage)            Turns: 1583, Time: 00:05:29

Health: -9/28      AC:  3    Str: 10    XL:     3   Next: 47%
Magic:  5/6        EV: 10    Int: 17    God:
Gold:   104        SH:  0    Dex: 17    Spells: 4/7 levels left

rFire   . . .        d - staff of poison
rCold   . . .        (no shield)
rNeg    . . .        a - +0 robe
rPois   +            (no helmet)
rElec   .            n - +0 cloak
rCorr   +            (no gloves)
SInv    +            (no barding)
Will    .....        l - amulet of magic regeneration
Stlth   ++           g - +6 ring of dexterity
HPRegen 0.24/turn    h - ring of resist corrosion
MPRegen 0.50/turn

%: no passive effects
@: short of breath, very slow
A: AC +1, large, see invisible, deformed body, poison resistance, slowness 2,
spit poison 1, naga tail 1
a: Spit Poison


You were on level 2 of the Dungeon.
You visited 1 branch of the dungeon, and saw 2 of its levels.

You collected 104 gold pieces.

Inventory:

Armour
 a - a +0 robe (worn)
 n - a +0 cloak (worn)
Magical Staves
 d - a staff of poison (weapon)
Jewellery
 g - a +6 ring of dexterity (left hand)
 h - a ring of resist corrosion (right hand)
 l - an amulet of magic regeneration (around neck)
Scrolls
 c - a scroll of enchant weapon {unknown}
 e - a scroll of identify {unknown}
 f - 3 scrolls of teleportation {unknown}
 i - a scroll of poison {unknown}
 j - a scroll of silence {unknown}
 k - a scroll of vulnerability {unknown}
Potions
 b - a potion of magic
 m - a potion of degeneration {unknown}


   Skills:
 + Level 1.6 Dodging
 + Level 3.0 Stealth
 + Level 2.5 Spellcasting
 + Level 1.4 Transmutations
 + Level 0.4 Air Magic
 + Level 4.9 Poison Magic


You had 4 spell levels left.
You knew the following spells:

 Your Spells              Type           Power      Damage    Failure   Level
a - Sting                 Tmut/Pois      76%        1d6       4%          1
b - Poisonous Vapours     Pois/Air       32%        N/A       10%         2

Your spell library contained the following spells:

 Spells                   Type           Power      Damage    Failure   Level
 Olgreb's Toxic Radiance  Pois           28%        N/A       24%         4
 Mephitic Cloud           Conj/Pois/Air  12%        N/A       26%         3


Dungeon Overview and Level Annotations

Branches:
Dungeon (2/15)

Altars:

Annotations:
D:2 Crazy Yiuf


Innate Abilities, Weirdness & Mutations

Your serpentine skin is tough. (AC +1)
You have supernaturally acute eyesight. (SInv)
Armour fits poorly on your strangely shaped body.
Your system is resistant to poisons. (rPois)
You cover ground very slowly.
You can spit poison.
You have a snake-like lower body.


Message History

Aiming: Poisonous Vapours (safe; 10% risk of failure)
Press: ? - help, Dir - move target, f - ball python
Aim: a ball python (asleep)
You feel a surge of power!
Poisonous vapours surround the ball python!
The ball python is poisoned.
The ball python hisses angrily.
You feel a surge of power!
You miscast Sting.
You are very lightly contaminated with residual magic.
Nothing appears to happen.
Unknown command.
You hit the ball python.
You kill the ball python!
Found a mace.
Your magical contamination has completely faded away.
You see here a +0 mace.
Crazy Yiuf shouts!
Crazy Yiuf says, "Hack green tired!"
You open the door.
Aiming: Spit Poison (2% risk of failure)
Press: ? - help, Shift-Dir - straight line, f - Crazy Yiuf
Aim: Crazy Yiuf, wielding a +4 quarterstaff of chaos and wearing a +0 cloak of willpower (65% to hit)
The splash of poison misses Crazy Yiuf.
Crazy Yiuf hits you with a +4 quarterstaff of chaos!
Crazy Yiuf freezes you!
* * * LOW HITPOINT WARNING * * *
Casting: Sting (safe; 4% risk of failure)
Confirm with . or Enter, or press ? or * to list all spells.
Okay, then.
Casting: Sting (safe; 4% risk of failure)
Confirm with . or Enter, or press ? or * to list all spells.
Aiming: Sting (safe; 4% risk of failure)
Press: ? - help, Shift-Dir - straight line, f/p - Crazy Yiuf
Aim: Crazy Yiuf, wielding a +4 quarterstaff of chaos and wearing a +0 cloak of willpower (77% to hit)
You feel a surge of power!
The sting hits Crazy Yiuf but does no damage.
Crazy Yiuf is poisoned.
Crazy Yiuf hits you with a +4 quarterstaff of chaos!
Ouch! That really hurt!
You die...

#.#..####+..+#
#.# #......
#### #.#..#
#....# #.#
#...≈~~ ...#
#.#..# ♣....♣
#.# #...~~#
##.# #.#..#
♣♣...♣
#.####...~##
#.####.#..#
♣♣.♣♣
#.##.'...~#
#.##...#..#
♣♣.♣
#....#...~##
#.##.###..#
♣.♣♣
#..###...~~#
#.##.# #..#
♣♣.♣ ##.#
#...≈~~
#.##.###..#
♣@♣♣ #)#
#......
#.........#
#g# #.#
#......
####......#
...
##.###......
####...# #...#
#....#######
##### #)..#
####........
#####
#########


You could see Crazy Yiuf (poisoned).

Vanquished Creatures
  A worm (D:2)
  2 dart slugs (D:1)
  4 ball pythons
  An endoplasm (D:1)
  2 giant cockroaches
  A goblin (D:2)
  4 hobgoblins
  3 jackals (D:2)
  A kobold (D:2)
  A quokka (D:1)
  4 bats
  A frilled lizard (D:1)
  4 rats
29 creatures vanquished.

Notes
Turn   | Place    | Note
-------+----------+-------------------------------------------
     0 | D:1      | Dawnplanks the Naga Venom Mage began the quest for the Orb.
     0 | D:1      | Reached XP level 1. HP: 15/15 MP: 3/3
   146 | D:1      | Reached XP level 2. HP: 20/22 MP: 1/5
   428 | D:1      | Learned a level 2 spell: Poisonous Vapours
   593 | D:1      | You fall into a shaft and drop 1 floor!
   609 | D:2      | Found a runed translucent door.
   610 | D:2      | Noticed Crazy Yiuf
   736 | D:2      | Reached XP level 3. HP: 28/28 MP: 1/6
  1583 | D:2      | Mangled by Crazy Yiuf

Illustrated notes

Levels and vault maps discovered:
D:1:      dpeg_arrival_rhombus, layout_loops_corners, serial_glass,
          glass_columns_a, glass_columns_a
D:2:      layout_loops_ring, minmay_misc_feat_iff, kennysheep_path_1,
          uniq_crazy_yiuf_cottage

Action                     || total
---------------------------++-------
  Melee: Staff             ||     9
   Cast: Sting             ||    25
         Poisonous Vapours ||    16
Ability: Spit Poison       ||     9
 Armour: Robe              ||     7
  Dodge: Dodged            ||    13

Table legend: (Time is in decaauts)
 A = Elapsed time spent in this place.
 B = Non-inter-level travel time spent in this place.
 C = Inter-level travel time spent in this place.
 D = Time resting spent in this place.
 E = Time spent auto-exploring this place.
 F = Levels seen in this place.
 G = Mean time per level.
                   A        B        C        D        E       F      G
               +--------+--------+--------+--------+--------+-----+--------+
         Total |   1948 |   1925 |     23 |      0 |   1706 |   2 |  974.0 |
       Dungeon |   1948 |   1925 |     23 |      0 |   1706 |   2 |  974.0 |
               +--------+--------+--------+--------+--------+-----+--------+

Top non-repeatable levels by time:
     D:2: 1221 daAuts
     D:1: 726 daAuts
